 Dungeon Crawl Stone Soup version 0.21-a0-125-gb006224 (webtiles) character file.

127 Musica the Ruffian (level 5, -3/46 HPs)
             Began as a Ghoul Monk on July 14, 2017.
             Killed from afar by an orc wizard (13 damage)
             ... with a puff of flame
             ... on level 3 of the Dungeon.
             The game lasted 00:06:41 (2003 turns).

Musica the Ruffian (Ghoul Monk)                     Turns: 2003, Time: 00:06:42

Health: -3/46      AC:  5    Str: 15    XL:     5   Next: 11%
Magic:  4/4        EV: 13    Int:  5    God:
Gold:   154        SH:  0    Dex: 12    Spells: 4/4 levels left

rFire    . . .     SeeInvis .     - Unarmed
rCold    + . .     Gourm    .   (no shield)
rNeg     + + +     Faith    .   a - +0 robe
rPois    ∞         Spirit   .   g - +0 helmet
rElec    .         Reflect  .   (no cloak)
rCorr    .         Harm     .   q - +0 pair of gloves (curse)
MR       .....                  e - +0 pair of boots
Stlth    ++........             (no amulet)
HPRegen  0.00/turn              (no ring)
MPRegen  0.09/turn              (no ring)

@: rotting
A: rotting body, claws 1, carnivore 3, cold resistance 1, negative energy
resistance 3, inhibited regeneration, torment resistance, unbreathing
a: no special abilities


You were on level 3 of the Dungeon.
You were not hungry.

You visited 1 branch of the dungeon, and saw 4 of its levels.

You collected 154 gold pieces.

Inventory:

Hand Weapons
 j - a +0 hunting sling
Missiles
 f - 20 arrows
 h - 81 stones (quivered)
 l - 14 sling bullets
 o - 29 bolts
Armour
 a - a +0 robe (worn)
 e - a +0 pair of boots (worn)
 g - a +0 helmet (worn)
 q - a cursed +0 pair of gloves (worn)
Scrolls
 c - 3 scrolls of remove curse
 m - 2 scrolls of teleportation {unknown}
 p - 2 scrolls of amnesia {unknown}
Potions
 k - a potion of resistance
 n - a potion of mutation {unknown}
Comestibles
 b - 3 meat rations
 i - a royal jelly


   Skills:
 + Level 4.1 Fighting
 + Level 1.2 Slings
 - Level 2.6 Dodging
 + Level 3.2 Stealth
 + Level 4.7 Unarmed Combat


You had 4 spell levels left.
You didn't know any spells.

Dungeon Overview and Level Annotations

Branches:
Dungeon (4/15)
 Temple: D:4-7

Altars:


Innate Abilities, Weirdness & Mutations

Your body is rotting away.
You thrive on raw meat.
You are immune to poison.
You have sharp fingernails.
You are carnivorous and can eat meat at any time.
Your flesh is cold resistant. (rC+)
You are immune to negative energy. (rN+++)
You do not regenerate when monsters are visible.
You are immune to unholy pain and torment.
You can survive without breathing.


Message History

The orc wizard gestures wildly while chanting.
The orc wizard flickers and vanishes!
Deactivating autopickup; reactivate with Ctrl-A.
The orc hits you with a mace of holy wrath.
You convulse.
You hit the orc.
The orc is heavily wounded.
The orc closely misses you.
You hit the orc.
You kill the orc!
A magic dart appears from out of thin air!
The magic dart hits you!
* * * LOW HITPOINT WARNING * * *
You eat one of the 4 meat rations.
That meat ration really hit the spot!
Something hits you but does no damage.
You miss something. You punch something.
You hear some strange, mumbled words.
A puff of flame appears from out of thin air!
The puff of flame hits you!
You die...

### ..###
##... ##...##
#.....# #...#
#o# #)# #@#
##'## ##...##
##.....##
.###.......##
............#
............+
.##.........#
##.......##


You could see an orc.

Vanquished Creatures
  A hound skeleton (D:3)
  5 adders
  An ooze (D:2)
  A worm (D:2)
  2 dart slugs (D:1)
  A leopard gecko (D:3)
  2 orcs (D:3)
  3 giant cockroaches (D:1)
  7 goblins
  4 hobgoblins
  5 jackals
  5 kobolds
  5 bats
  7 frilled lizards
  12 rats
61 creatures vanquished.

Notes
Turn   | Place    | Note
-------+----------+-------------------------------------------
     0 | D:1      | Musica the Ghoul Monk began the quest for the Orb.
     0 | D:1      | Reached XP level 1. HP: 19/19 MP: 0/0
   155 | D:2      | Reached XP level 2. HP: 26/26 MP: 1/1
   561 | D:1      | Reached XP level 3. HP: 33/33 MP: 2/2
  1148 | D:2      | Reached XP level 4. HP: 39/40 MP: 3/3
  1840 | D:3      | Reached skill level 1 in Slings
  1955 | D:3      | Reached XP level 5. HP: 39/46 MP: 4/4
  2003 | D:3      | Killed from afar by an orc wizard

Vault maps used:
D:1:      denvon_arrival_planthouse
D:3:      first_bread, st_stairs_1, goddamned_bats
D:4:      temple_fountains, eino_tiny_chamber,
          nicolae_ru_great_annihilating_truth

Skill      XL: |  1  2  3  4 |
---------------+-------------+-----
Unarmed Combat | 4 |  4.7
Stealth        | 3 |  3.2
Fighting       | 4 |  4.1
Slings         | 1 |  1.2
Dodging        | |  2.6

Action                   |  1- 3 |  4- 6 || total
-------------------------+-------+-------++-------
Melee: Unarmed           |   109 |    72 ||   181
       Punch             |       |     1 ||     1
 Fire: Hunting sling     |     8 |    18 ||    26
  Use: Scroll            |     2 |       ||     2
       Potion            |     1 |     1 ||     2
 Stab: Sleeping          |     4 |     1 ||     5
  Eat: Chunk             |    16 |     6 ||    22
       Meat ration       |       |     1 ||     1
Armor: Robe              |    25 |    25 ||    50
Dodge: Dodged            |    49 |    64 ||   113
